 Dungeon Crawl Stone Soup version 0.28.0 (webtiles) character file.

Game seed: 6293962639981099495

2 a3don the Chiller (level 1, 0/10 HPs)
             Began as a Gargoyle Ice Elementalist on Feb 15, 2022.
             Slain by a hobgoblin (2 damage)
             ... on level 1 of the Dungeon.
             The game lasted 00:00:25 (90 turns).

a3don the Chiller (Gargoyle Ice Elementalist)         Turns: 90, Time: 00:00:26

Health: 0/10       AC:  4    Str: 11    XL:     1   Next: 40%
Magic:  1/3        EV: 12    Int: 15    God:
Gold:   0          SH:  0    Dex: 10    Spells: 3/4 levels left

rFire   . . .      SeeInvis .   (no weapon)
rCold   . . .      Faith    .   (no shield)
rNeg    + . .      Spirit   .   a - +0 robe
rPois   ∞          Reflect  .   (no helmet)
rElec   +          Harm     .   (no cloak)
rCorr   .          Rampage  .   (no gloves)
Will    .....                   (no boots)
Stlth   ++........              (no amulet)
HPRegen 0.03/turn               (no ring)
MPRegen 0.08/turn               (no ring)

@: no status effects
A: sickness immunity, AC +2, negative energy resistance 1, electricity
resistance, torment resistance 1, petrification resistance
a: no special abilities


You were on level 1 of the Dungeon.
You visited 1 branch of the dungeon, and saw 1 of its levels.

Inventory:

Missiles
 b - 43 stones
Armour
 a - a +0 robe (worn)


   Skills:
 + Level 1.6 Dodging
 + Level 2.2 Stealth
 + Level 2.0 Spellcasting
 + Level 4.0 Ice Magic


You had 3 spell levels left.
You knew the following spells:

 Your Spells              Type           Power      Damage    Failure   Level
a - Freeze                Ice            52%        1d7       4%          1

Your spell library contained the following spells:

 Spells                   Type           Power      Damage    Failure   Level
 Frozen Ramparts          Ice            26%        1d4       13%         3
 Ozocubu's Armour         Ice            13%        N/A       13%         3
 Hailstorm                Conj/Ice       7%         3d4       67%         4


Dungeon Overview and Level Annotations

Branches:
Dungeon (1/15)

Altars:


Innate Abilities, Weirdness & Mutations

You are immune to sickness and miasma.
Your stone body is resilient. (AC +2)
You are immune to poison.
You resist negative energy. (rN+)
You are resistant to electric shocks. (rElec)
You are resistant to unholy torment.
You are immune to petrification.


Message History

The bat hits you.
Your magical contamination has completely faded away.
There is an open door here.
The bat hits you but does no damage. The bat hits you but does no damage.
The bat closely misses you. The bat closely misses you.
A hobgoblin comes into view.
The bat hits you but does no damage.
There is an open door here.
Casting: Freeze (safe; 4% risk of failure)
Confirm with . or Enter, or press ? or * to list all spells.
Aiming: Freeze (safe; 4% risk of failure)
Press: ? - help, Shift-Dir - straight line, f/p - bat
Aim: a bat You freeze the bat.
You kill the bat!
You hit the hobgoblin.
The hobgoblin is moderately wounded.
The hobgoblin hits you but does no damage.
You barely miss the hobgoblin.
The hobgoblin is moderately wounded.
The hobgoblin hits you but does no damage.
You hit the hobgoblin but do no damage.
The hobgoblin is moderately wounded.
The hobgoblin hits you.
The hobgoblin hits you but does no damage.
There is an open door here.
The hobgoblin closely misses you. The hobgoblin misses you.
The hobgoblin barely misses you. The hobgoblin hits you.
* * * LOW HITPOINT WARNING * * *
The hobgoblin misses you. The hobgoblin barely misses you.
There is a staircase leading out of the dungeon here.
The hobgoblin barely misses you. The hobgoblin misses you.
The hobgoblin misses you.
There is an open door here.
The hobgoblin hits you.
You die...

#.....)#
#..$...#
#....(.#
#......#
##..#.##
##'#>..
##.#####
### #...#
##.###.@.##
#...#.g...#
#...#g....#
#.<.'..8..#
#...#.....#
#...#.....#
##.###...##
### #...#
##.##


You could see 2 hobgoblins.

Vanquished Creatures
  A bat (D:1)
  A kobold (D:1)
2 creatures vanquished.

Notes
Turn   | Place    | Note
-------+----------+-------------------------------------------
     0 | D:1      | a3don the Gargoyle Ice Elementalist began the quest for the
                  | Orb.
     0 | D:1      | Reached XP level 1. HP: 10/10 MP: 3/3
    90 | D:1      | Slain by a hobgoblin

Illustrated notes

Levels and vault maps discovered:
D:1:      minmay_arrival_shattered_statue, layout_basic,
          shapermc_ecumenical_altar_starsandcircs

Action                   || total
-------------------------++-------
Melee: Unarmed           ||     5
 Cast: Freeze            ||     3
Armor: Robe              ||    12
Dodge: Dodged            ||    17
